 Dungeon Crawl Stone Soup version 0.24-a0-520-g8fd06ad0bc (webtiles) character file.

Game seed: 1730532679209628617

108 Gargoyl the Skirmisher (level 4, 0/39 HPs)
             Began as a Centaur Abyssal Knight on July 24, 2019.
             Was a Follower of Lugonu.
             Slain by Edmund
             ... wielding a +2 dire flail of crushing
              (1 damage)
             ... on level 4 of the Dungeon.
             The game lasted 00:04:10 (2749 turns).

Gargoyl the Skirmisher (Centaur Abyssal Knight)     Turns: 2749, Time: 00:04:10

Health: 0/39       AC:  8    Str: 21    XL:     4   Next: 58%
Magic:  5/5        EV:  4    Int: 11    God:    Lugonu [*.....]
Gold:   155        SH:  0    Dex: 13    Spells: 3/3 levels left

rFire    . . .     SeeInvis .   a - +1 hand axe
rCold    . . .     Gourm    .   (no shield)
rNeg     . . .     Faith    .   e - +0 plate armour of Amelioration {Str+7 Dex+3}
rPois    .         Spirit   .   (no helmet)
rElec    .         Reflect  .   (no cloak)
rCorr    .         Harm     .   (no gloves)
MR       .....                  (no barding)
Stlth    ..........             (no amulet)
HPRegen  0.13/turn              (no ring)
MPRegen  0.09/turn              (no ring)

@: hasted, very quick
A: large, hooves 3, deformed body, speed 2, tough skin 3
a: Depart the Abyss, Renounce Religion


You were on level 4 of the Dungeon.
You worshipped Lugonu.
Lugonu was aware of your devotion.
You were not hungry.

You visited 1 branch of the dungeon, and saw 4 of its levels.
You visited the Abyss 1 time.

You collected 155 gold pieces.

Inventory:

Hand Weapons
 a - a +1 hand axe (weapon)
 g - a +0 war axe
Missiles
 b - 3 boomerangs (quivered)
Armour
 e - the +0 plate armour of Amelioration (worn) {Str+7 Dex+3}
   (You found it on level 2 of the Abyss)

   It affects your strength (+7).
   It affects your dexterity (+3).
Scrolls
 k - a scroll of identify
 l - a scroll of magic mapping
Potions
 d - a potion of mutation {unknown}
 i - a potion of might {unknown}
 j - a potion of curing {unknown}
Comestibles
 c - 4 rations


   Skills:
 + Level 3.6 Fighting
 + Level 2.7 Axes
 * Level 2.1 Armour
 * Level 1.2 Dodging
 * Level 2.6 Invocations


You had 3 spell levels left.
You didn't know any spells.
Your spell library contained the following spells:

 Spells                   Type           Power        Failure   Level  Hunger
 Corona                   Hex            #......      100%        1    ##.....
 Ensorcelled Hibernation  Hex/Ice        #.....       100%        2    ###....
 Confuse                  Hex            #.......     100%        3    ####...
 Dazzling Spray           Conj/Hex       #.....       100%        3    ####...
 Tukima's Dance           Hex            #.......     100%        3    ####...


Dungeon Overview and Level Annotations

Branches:
Dungeon (4/15)
 Temple: D:4-7

Altars:
Cheibriados

Annotations:
D:3 Ijyb
D:4 Edmund


Innate Abilities, Weirdness & Mutations

You have hooves in place of feet.
Armour fits poorly on your strangely shaped body.
You cover ground very quickly.
You have extremely tough skin. (AC +3)


Message History

You barely miss Edmund. You kick Edmund, but do no damage.
Edmund is heavily wounded.
Edmund hits you but does no damage.
You hit Edmund but do no damage.
Edmund is heavily wounded.
Edmund hits you with a +2 dire flail of crushing.
You hit Edmund but do no damage.
Edmund is heavily wounded.
Edmund hits you but does no damage.
You hit Edmund but do no damage. You kick Edmund.
Edmund is heavily wounded.
Edmund hits you with a +2 dire flail of crushing.
It was a potion of haste.
You feel yourself speed up.
Edmund hits you with a +2 dire flail of crushing!
* * * LOW HITPOINT WARNING * * *
x2 You hit Edmund.
You kick Edmund.
Edmund is severely wounded.
Edmund hits you with a +2 dire flail of crushing.
* * * LOW HITPOINT WARNING * * *
You die...

# #.#
#.###.######
#...<...)..#
####..####.#
#..# #.# #
#..# ##.## ..
#..###...##.#
#...........#
#.####.@>##.#
#.# ##@## #.#
#.# #.# #.#
#.# ... #.#
... #. ...
.....


You could see Edmund.

Vanquished Creatures
  Jessica (D:2)
  A worker ant (D:4)
  2 adders (D:2)
  2 dart slugs
  6 bats
  6 goblins
  5 hobgoblins
  A ball python (D:1)
  3 frilled lizards (D:1)
  5 kobolds
  8 rats
40 creatures vanquished.

Vanquished Creatures (others)
  A bat (D:3)
  A starspawn tentacle (Abyss:2)
2 creatures vanquished.

Grand Total: 42 creatures vanquished

Notes
Turn   | Place    | Note
-------+----------+-------------------------------------------
     0 | Abyss:1  | Gargoyl the Centaur Abyssal Knight began the quest for the
                  | Orb.
     0 | Abyss:1  | Reached XP level 1. HP: 19/19 MP: 2/2
    31 | Abyss:1  | Found a corrupted altar of Lugonu.
    36 | Abyss:1  | Noticed a bone dragon
    45 | Abyss:1  | Noticed a raiju
   114 | Abyss:2  | Noticed a tentacled starspawn
   129 | Abyss:2  | Got a brightly glowing plate armour
   130 | D:1      | Escaped the Abyss
   141 | D:1      | Identified the cursed +0 plate armour of Amelioration
                  | {Str+7 Dex+3} (You found it on level 2 of the Abyss)
   540 | D:1      | You fall into a shaft and drop 1 floor!
   593 | D:1      | Found a snail-covered altar of Cheibriados.
   731 | D:1      | Reached XP level 2. HP: 26/26 MP: 3/3
   821 | D:1      | Reached * piety under Lugonu
  1521 | D:2      | Reached skill level 1 in Dodging
  1521 | D:2      | Reached XP level 3. HP: 23/31 MP: 4/4
  1673 | D:2      | Noticed Jessica
  1677 | D:2      | Killed Jessica
  1808 | D:2      | Reached XP level 4. HP: 38/38 MP: 5/5
  2214 | D:3      | Noticed an ogre
  2529 | D:3      | Noticed Ijyb
  2738 | D:4      | Noticed Edmund
  2749 | D:4      | HP: 1/39 [Edmund/+2 dire flail of crushing (3)]
  2749 | D:4      | Slain by Edmund

Levels and vault maps discovered:
D:1:      wander_arrival_estate, layout_rooms, serial_forest,
          infiniplex_forest_lined_4_way, infiniplex_forest_straight_2,
          infiniplex_forest_lined_3, infiniplex_forest_straight_1,
          infiniplex_forest_lined_corner, infiniplex_forest_clump_C,
          infiniplex_forest_straight_4, infiniplex_forest_lined_1,
          infiniplex_forest_zigzag_2, cheibriados_altar_1
D:2:      layout_loops_cross, uniq_jessica
D:3:      layout_basic, uniq_ijyb
D:4:      layout_loops_ring, first_ration, uniq_eustachio, uniq_edmund

Skill      XL: |  1  2  3  4 |
---------------+-------------+-----
Axes           | 2 |  2.7
Dodging        | 1 |  1.2
Armour         | 2 |  2.1
Fighting       | |  3.6
Invocations    | |  2.6

Action                   |  1- 3 |  4- 6 || total
-------------------------+-------+-------++-------
Melee: Hand axe          |    75 |    29 ||   104
       Kick              |    17 |    10 ||    27
Invok: Depart the Abyss  |     1 |       ||     1
  Use: Scroll            |     6 |     2 ||     8
       Potion            |       |     2 ||     2
  Eat: Chunk             |     2 |       ||     2
       Ration            |       |     1 ||     1
Armor: Plate armour      |    74 |    23 ||    97
Dodge: Dodged            |    23 |     8 ||    31

Table legend:
 A = Non-vault XP
 B = Vault XP
 C = Vault XP percentage of total XP
 D = Non-vault monster count
 E = Vault monster count
 F = Vault count percentage of total count
                 A         B        C        D         E       F
            +---------+---------+-------+---------+---------+-------
      Total |     118 |      37 |  23.9 |      39 |       1 |   2.5
            +---------+---------+-------+---------+---------+-------
        D:1 |      26 |       0 |   0.0 |      21 |       0 |   0.0
        D:2 |      52 |      37 |  41.6 |      15 |       1 |   6.2
        D:3 |       6 |       0 |   0.0 |       2 |       0 |   0.0
        D:4 |      34 |       0 |   0.0 |       1 |       0 |   0.0
            +---------+---------+-------+---------+---------+-------
